 Dungeon Crawl Stone Soup version 0.26-a0-412-ga3d1f51b (webtiles) character file.

Game seed: 10897085637272235525

1890 Dordric the Basher (level 9, -6/84 HPs)
             Began as an Ogre Berserker on July 24, 2020.
             Was a Priest of Trog.
             Killed from afar by an electric eel (10 damage)
             ... with a bolt of electricity
             ... on level 6 of the Dungeon.
             The game lasted 00:10:48 (9190 turns).

Dordric the Basher (Ogre Berserker)                 Turns: 9190, Time: 00:10:49

Health: -6/84      AC:  5    Str: 23    XL:     9   Next: 15%
Magic:  9/9        EV: 10    Int: 10    God:    Trog [***...]
Gold:   304        SH:  5    Dex: 11    Spells: 8/8 levels left

rFire    . . .     SeeInvis .   x - +0 giant spiked club
rCold    . . .     Faith    .   (shield currently unavailable)
rNeg     . . .     Spirit   .   r - +2 robe of Immorality {rCorr Int+2}
rPois    +         Reflect  +   (helmet restricted)
rElec    .         Harm     .   (no cloak)
rCorr    +                      (gloves unavailable)
MR       .....                  (boots unavailable)
Stlth    +.........             l - amulet of reflection
HPRegen  0.24/turn              i - ring of poison resistance
MPRegen  0.11/turn              (no ring)

@: about to teleport
A: large, unfitting armour, tough skin 1
a: Berserk, Trog's Hand, Renounce Religion


You were on level 6 of the Dungeon.
You worshipped Trog.
Trog was most pleased with you.
You visited 1 branch of the dungeon, and saw 6 of its levels.

You collected 304 gold pieces.

Inventory:

Hand Weapons
 a - a +0 mace
 m - a +0 giant club
 x - a +0 giant spiked club (weapon)
Armour
 b - a +2 animal skin
 r - the +2 robe of Immorality (worn) {rCorr Int+2}
   (You found it on level 4 of the Dungeon)

   It affects your intelligence (+2).
   It provides partial protection from all sources of acid and corrosion.
 s - a +2 kite shield
Jewellery
 i - a ring of poison resistance (left hand)
 l - an amulet of reflection (around neck)
 p - an uncursed amulet of the acrobat
Wands
 y - a wand of flame (27)
Scrolls
 c - 2 scrolls of teleportation
 g - a scroll of magic mapping
 h - 2 scrolls of amnesia
 t - a scroll of holy word
 u - a scroll of torment
Potions
 d - 3 potions of haste
 e - a potion of cancellation {unknown}
 f - a potion of brilliance {unknown}
 j - a potion of curing
 n - 2 potions of heal wounds {unknown}
 o - 2 potions of lignification {unknown}
 q - a potion of degeneration {unknown}


   Skills:
 - Level 4.0 Fighting
 + Level 10.9 Maces & Flails
 - Level 2.6 Dodging


You had 8 spell levels left.
You didn't know any spells.
Your spell library was empty.

Dungeon Overview and Level Annotations

Branches:
Dungeon (6/15)             Temple (0/1) D:5

Altars:
Dithmenos
Elyvilon
Fedhas
Makhleb
Nemelex Xobeh
Okawaru
Qazlal
Yredelemnul
Zin

Shops:
D:5 [

Annotations:
D:6 1 transporter


Innate Abilities, Weirdness & Mutations

You are too large for most types of armour.
You have tough skin. (AC +1)


Message History

The electric eel shoots out a bolt of lightning at you!
The bolt of electricity hits you!
* * * LOW HITPOINT WARNING * * *
The bolt of electricity hits the plant.
The electric eel shoots out a bolt of lightning at you!
The bolt of electricity hits you.
* * * LOW HITPOINT WARNING * * *
As you read the scroll of teleportation, it crumbles to dust.
You feel strangely unstable.
The electric eel shoots out a bolt of lightning at you!
The bolt of electricity hits you!
* * * LOW HITPOINT WARNING * * *
The bolt of electricity hits the plant!
Your two-headed ogre hits the electric eel with a +0 giant club!!
The electric eel dies!
Trog accepts your kill.
Your two-headed ogre barely misses the electric eel. x2
The electric eel shoots out a bolt of lightning at you!
The bolt of electricity hits you!
You die...

≈≈P...#..÷.#........#...)...###..
≈.......##...#...................
≈†.........#.#......#....<...#.#.
≈≈P.......................).##
≈......###############......###..
P.[..#.#8P#≈≈≈≈≈≈≈#P8#.##........
####...#..#≈P≈≈≈..#..#o.#........
#..©#©)+≈≈≈♣P..'.©#g..........
##..#..#≈≈≈≈;@O#..#o..........
##.#8P#≈≈≈≈≈;≈#≈8#o..........
#.###############.........#.
#.....................##....
#...##..........####..## #..
##...###...#....###....##...
#######..####...................
#.....(....##.#...######†......#
#................## ##.†....#


You could see a gnoll sergeant, 2 electric eels, an orc wizard, 2 orcs and a
friendly two-headed ogre (summoned, berserk).

Vanquished Creatures
  2 black bears (D:6)
  5 ogres
  A phantom (D:5)
  A centaur (D:5)
  A bullfrog (D:6)
  A howler monkey (D:4)
  An electric eel (D:6)
  A crimson imp (D:5)
  A centaur zombie (D:5)
  A centaur skeleton (D:4)
  3 hounds
  A jelly (D:5)
  8 orc wizards (D:5)
  4 orc priests
  6 worker ants
  A killer bee zombie (D:6)
  5 gnolls
  A howler monkey skeleton (D:4)
  9 adders
  A shadow imp (D:6)
  An ufetubus (D:5)
  An adder skeleton (D:4)
  3 worms
  3 dart slugs (D:2)
  5 leopard geckos
  9 orcs
  2 ball pythons
  6 bats
  12 giant cockroaches
  7 hobgoblins
  A jackal (D:6)
  3 quokkas
  7 frilled lizards
  A giant cockroach zombie (D:5)
  7 goblins
  A jackal zombie (D:5)
  10 kobolds
  2 leopard gecko zombies (D:5)
  9 rats
  2 plants (D:2)
146 creatures vanquished.

Vanquished Creatures (collateral kills)
  An electric eel (D:6)
  A plant (D:6)
2 creatures vanquished.

Vanquished Creatures (others)
  A white imp (D:6)
1 creature vanquished.

Grand Total: 149 creatures vanquished

Notes
Turn   | Place    | Note
-------+----------+-------------------------------------------
     0 | D:1      | Dordric the Ogre Berserker began the quest for the Orb.
     0 | D:1      | Reached XP level 1. HP: 24/24 MP: 1/1
    56 | D:1      | Reached skill level 3 in Maces & Flails
   136 | D:1      | Reached XP level 2. HP: 21/32 MP: 2/2
   878 | D:1      | Reached XP level 3. HP: 24/39 MP: 3/3
   880 | D:1      | Reached ** piety under Trog
  1332 | D:1      | Reached skill level 4 in Maces & Flails
  1695 | D:2      | Found a shadowy altar of Dithmenos.
  1946 | D:2      | Reached XP level 4. HP: 48/48 MP: 4/4
  1949 | D:2      | Found a blossoming altar of Fedhas.
  2866 | D:2      | Found a glowing silver altar of Zin.
  3094 | D:3      | Found a stormy altar of Qazlal.
  3572 | D:3      | Reached skill level 5 in Maces & Flails
  3572 | D:3      | Reached XP level 5. HP: 54/54 MP: 5/5
  3915 | D:3      | Reached *** piety under Trog
  4537 | D:4      | Found a sparkling altar of Nemelex Xobeh.
  4611 | D:4      | Noticed an ogre
  4625 | D:4      | Killed an ogre
  4625 | D:4      | Reached skill level 6 in Maces & Flails
  4625 | D:4      | Reached XP level 6. HP: 59/62 MP: 6/6
  4948 | D:3      | Reached skill level 7 in Maces & Flails
  4948 | D:3      | Reached XP level 7. HP: 22/70 MP: 7/7
  5544 | D:4      | Found a white marble altar of Elyvilon.
  5763 | D:4      | Got an ominously black robe
  5774 | D:4      | Identified the +2 robe of Immorality {rCorr Int+2} (You
                  | found it on level 4 of the Dungeon)
  6208 | D:5      | Entered Level 5 of the Dungeon
  6209 | D:5      | Found Raeqasch's Armour Boutique.
  6226 | D:4      | Reached skill level 8 in Maces & Flails
  6632 | D:5      | Reached XP level 8. HP: 78/78 MP: 8/8
  6819 | D:5      | Reached skill level 9 in Maces & Flails
  7237 | D:5      | Found a burning altar of Makhleb.
  7481 | D:5      | Found an iron altar of Okawaru.
  7581 | D:5      | Reached **** piety under Trog
  7710 | D:5      | Found a staircase to the Ecumenical Temple.
  7869 | D:5      | Found a basalt altar of Yredelemnul.
  7937 | D:6      | Found a transporter.
  8224 | D:5      | Reached skill level 10 in Maces & Flails
  8565 | D:6      | Found a transporter.
  8585 | D:6      | Reached XP level 9. HP: 63/84 MP: 9/9
  9189 | D:6      | HP: 4/84 [electric eel/bolt of electricity (12)]
  9190 | D:6      | Killed from afar by an electric eel

Illustrated notes

Levels and vault maps discovered:
D:1:      eino_arrival_cavern_d, layout_basic, serial_forest,
          infiniplex_forest_lined_room_, infiniplex_forest_clump_curved,
          infiniplex_forest_straight_3, infiniplex_forest_zigzag_2,
          infiniplex_forest_side_room, infiniplex_forest_clump_double,
          infiniplex_forest_lined_4_way, st_stairs_14, minmay_curled_crystal,
          chequers_serial_rivers_micro_c, minmay_worlds_worst_comb
D:2:      layout_basic, fedhas_altar_3, lemuel_crystal_altar, zin_academy,
          serial_corexii_hall, corexii_hall_statues_l, chequers_hall_statues_y,
          minmay_fountain_box
D:3:      layout_loops_cross, lemuel_crystal_altar, kennysheep_generic_room_7
D:4:      layout_loops_cross, nemelex_xobeh_ov_fountains_minmay,
          overflow_temple_1_default
D:5:      layout_rooms, kennysheep_mini_moat, makhleb_grotto_becter,
          nicolae_overflow_crystal_walls, temple_fountains, serial_shops, shop,
          enter_ossuary_5
D:6:      gammafunk_steamed_eel, layout_cave_pools,
          nicolae_overflow_hidden_temple, lemuel_coloured_pillars_altar,
          vehumet_statue, serial_gnoll_camp, gnoll_camp_medium_01,
          gnoll_camp_medium_02, grums_kennel, gnoll_camp_mini_doghouse,
          gnoll_camp_mini_basic, serial_bayou_pond_b, minmay_liquid_box

Skill      XL: |  1  2  3  4  5  6  7  8 |
---------------+-------------------------+-----
Maces & Flails | 3 4 5 6 7 8 10 | 10.9
Fighting       | |  4.0
Dodging        | |  2.6

Action                   |  1- 3 |  4- 6 |  7- 9 || total
-------------------------+-------+-------+-------++-------
Melee: Mace              |   105 |   238 |   169 ||   512
       Giant club        |       |    21 |    57 ||    78
       Giant spiked club |       |       |    33 ||    33
Invok: Berserk           |     2 |     2 |     3 ||     7
       Trog's Hand       |       |     1 |     2 ||     3
       Brothers in Arms  |       |       |     1 ||     1
  Use: Scroll            |       |     6 |     6 ||    12
 Stab: Sleeping          |     1 |       |       ||     1
       Distracted        |       |       |     1 ||     1
Armor: Animal skin       |    39 |    48 |    16 ||   103
       Robe              |       |       |    61 ||    61
Dodge: Dodged            |    73 |   122 |   116 ||   311
Block: Kite shield       |       |       |    84 ||    84
       Other             |       |       |    10 ||    10

Table legend: (Time is in decaauts)
 A = Elapsed time spent in this place.
 B = Non-inter-level travel time spent in this place.
 C = Inter-level travel time spent in this place.
 D = Time resting spent in this place.
 E = Time spent auto-exploring this place.
 F = Levels seen in this place.
 G = Mean time per level.
                   A        B        C        D        E       F      G
               +--------+--------+--------+--------+--------+-----+--------+
         Total |   9346 |   9172 |    174 |   3076 |   4657 |   6 | 1557.7 |
       Dungeon |   9346 |   9172 |    174 |   3076 |   4657 |   6 | 1557.7 |
               +--------+--------+--------+--------+--------+-----+--------+

Top non-repeatable levels by time:
     D:3: 1884 daAuts
     D:4: 1884 daAuts
     D:1: 1621 daAuts
     D:5: 1539 daAuts
     D:2: 1491 daAuts
     D:6: 925 daAuts
